[Event "Arona Festival 2024"]
[Site "Arona Tenerife"]
[Date "2024.06.24"]
[Round "4.1"]
[White "Ritviz, Parab"]
[Black "Sosa, Tomas"]
[Result "1/2-1/2"]
[ECO "C16"]
[WhiteElo "2334"]
[BlackElo "2535"]
[Annotator "TA"]
[PlyCount "109"]
[EventDate "2024.06.20"]
[EventType "swiss"]
[EventCountry "ESP"]
[SourceTitle "playchess.com"]
[Source "ChessBase"]
[SourceQuality "1"]
[TimeControl "5400+30"]

1. e4 e6 2. d4 d5 3. Nc3 Bb4 4. e5 Qd7 5. Nf3 b6 6. Bd2 Ne7 7. Nb5 Bxd2+ 8. Qxd2 a6 9. Nc3 c5 10. Qg5 cxd4 (10... O-O $15 {was preferrable.}) 11. Nxd4 (11. Qxg7 $2 Rg8 12. Qxh7 dxc3 13. bxc3 Qc7 $19) 11... O-O 12. O-O-O (12. Bd3 {seems wilder.} Nbc6 13. Nxc6 Nxc6 14. f4) 12... h6 13. Qh5 f6 (13... Nbc6 $11 {remains equal.}) 14. exf6 $1 $16 {[%emt 0:16:56] White is much more active. The black rooks are passive.} Rxf6 15. g4 {[%emt 0:06:00] Threatens to win with Bd3.} Qc7 16. Rg1 {[%emt 0:00:41] And now g5 would win.} Qf4+ 17. Kb1 Qg5 18. Qxg5 (18. Qe8+ $1 $16 Rf8 19. f4 Rxe8 20. fxg5) 18... hxg5 $14 19. Bg2 Rxf2 (19... Nbc6 $11) 20. Nf3 Nbc6 21. Rde1 $1 Bd7 22. Nd1 $1 Rxf3 23. Bxf3 Ng6 24. Rgf1 Nf4 25. Bh1 Rf8 26. Ne3 Ne7 {[%emt 0:01:29] [#]} (26... Rf6 $14) 27. Rf2 (27. c4 $1 $16) 27... e5 (27... b5 $14) 28. Rd2 $18 Be6 {[%emt 0:00:41] [#]} 29. Ng2 ({Better is} 29. c4 $1 $16 d4 30. Nd5 Nfxd5 31. cxd5 Bxd5 32. Bxd5+ (32. Rxe5 Rf1+ 33. Kc2 Rxh1 $16) 32... Nxd5 33. Rxe5 Rf1+ 34. Kc2 Ne3+ 35. Kd3) 29... Nfg6 30. h3 (30. b3 $14) 30... b5 $1 $11 31. c3 e4 32. Ne3 Nf4 33. Bg2 Neg6 34. Bf1 Ne5 35. Red1 Nfd3 {[%emt 0:01:28] Excellent horsemanship.} ({Black should play} 35... Nxh3 $15 36. Bxh3 Rf3 37. Rxd5 (37. Nxd5 Rxh3 38. Kc2 Bxg4 $19) 37... Bxd5 38. Rxd5 Nd3) 36. Be2 Rf6 37. b3 a5 38. Kc2 b4 39. Bxd3 (39. a3 {looks sharper.} Rh6 40. Bf1 Kf7 41. axb4 axb4 42. Bxd3 exd3+ 43. Rxd3 Nxd3 44. Rxd3 d4 45. Rxd4 Rxh3 46. Re4) 39... exd3+ 40. Rxd3 (40. Kb2 {with more complications.} Rf3 41. Re1 Rxh3 42. Nxd5 Nf3 43. Rxe6 Nxd2 44. cxb4 axb4 45. Re3) 40... Nxd3 41. Rxd3 {[%emt 0:00:25][%mdl 4096] Endgame. KRB-KRN} Rf2+ 42. Rd2 Rf3 43. Nxd5 Rxh3 44. cxb4 axb4 45. Nxb4 Bxg4 46. a4 Be6 47. Nd5 {[%emt 0:00:29] The position is equal.} g4 48. a5 g3 {[%emt 0:01:20] ...Bf5+ is the strong threat.} 49. Nf4 Rh2 50. a6 {[%emt 0:00:34][%cal Oa6a7] a7! would now be deadly.} (50. Nxe6 $2 {perishes.} Rxd2+ 51. Kxd2 g2 $19) 50... Bxb3+ 51. Kc3 {[%emt 0:00:08] White wants to mate with a7.} Rxd2 52. Kxd2 {[%emt 0:00:08] Threatening mate with a7.} Ba4 53. Ke3 Bc6 54. Ne2 g2 55. Kf2 {[%emt 0:00:07] Weighted Error Value: White=0.15 (very precise) /Black=0.16 (very precise) .  Mistake:       	White=4     	Black=6      Inaccurate:     	White=5     	Black=2      OK:         	White=13    	Black=23     Best:        	---       	Black=3      Strong:       	White=3     	Black=1} 1/2-1/2

[Event "Arona Festival 2024"]
[Site "Arona Tenerife"]
[Date "2024.06.24"]
[Round "4.2"]
[White "Pichot, Alan"]
[Black "Bilguun, Sumiya"]
[Result "1-0"]
[ECO "B41"]
[WhiteElo "2640"]
[BlackElo "2466"]
[Annotator "RC"]
[PlyCount "73"]
[EventDate "2024.06.20"]
[EventType "swiss"]
[EventCountry "ESP"]
[SourceTitle "playchess.com"]
[Source "ChessBase"]
[SourceQuality "1"]
[TimeControl "5400+30"]

1. e4 c5 2. Nf3 a6 3. c4 e6 4. Nc3 Qc7 5. d4 cxd4 6. Nxd4 Nf6 7. Bd3 Nc6 8. Nf3 Bc5 9. h3 h6 10. a3 d6 11. b4 Ba7 12. Bb2 Ne7 13. Rc1 Ng6 14. O-O O-O 15. Qd2 Qe7 16. Rfd1 e5 17. Bb1 Bxh3 18. Qxd6 Qe8 19. c5 Bxg2 20. Kxg2 Qc8 21. Nh2 Nh4+ 22. Kh1 Ng4 23. Qd7 Nxf2+ 24. Kg1 Nxd1 25. Qxc8 Raxc8 26. Rxd1 Rcd8 27. Nd5 Bb8 28. Kf2 f5 29. Ke2 Rde8 30. Nf3 Nxf3 31. Kxf3 fxe4+ 32. Ke2 Rf4 33. Nxf4 exf4 34. Rd7 f3+ 35. Ke3 Bf4+ 36. Kxf4 f2 37. Ba2+ 1-0

[Event "Arona Festival 2024"]
[Site "Arona Tenerife"]
[Date "2024.06.24"]
[Round "4.3"]
[White "Samant Aditya S"]
[Black "Kazakouski, Valery"]
[Result "1/2-1/2"]
[ECO "C64"]
[WhiteElo "2469"]
[BlackElo "2603"]
[Annotator "TA"]
[PlyCount "61"]
[EventDate "2024.06.20"]
[EventType "swiss"]
[EventCountry "ESP"]
[SourceTitle "playchess.com"]
[Source "ChessBase"]
[SourceQuality "1"]
[TimeControl "5400+30"]

1. e4 e5 2. Nf3 Nc6 3. Bb5 Bc5 4. c3 Nf6 5. d4 exd4 6. e5 Nd5 7. cxd4 (7. Nxd4 Nde7 $11 (7... Nxe5 8. O-O $15)) 7... Bb4+ 8. Bd2 {[%emt 0:00:11] White has an edge.} Bxd2+ 9. Qxd2 d6 10. Nc3 Nxc3 11. Bxc6+ bxc6 12. Qxc3 (12. bxc3 Ba6 $11) 12... Bd7 {[%emt 0:03:25] Black is weak on the dark squares} 13. O-O {[%emt 0:01:19][%cal Od4d5] Black must now prevent d5!} O-O 14. Rfe1 a5 15. Nd2 Be6 16. Nc4 ({Reject} 16. Qxc6 dxe5 17. Nf3 Bd5 $17 (17... exd4 18. Qc5 $15)) 16... Bxc4 17. Qxc4 Rb8 18. b3 Rb4 19. Qxc6 Rxd4 20. exd6 Rxd6 21. Qc3 c6 22. Re5 (22. h3 $14 {feels stronger.}) 22... f6 23. Re2 (23. Rxa5 $2 {perishes.} Rd1+ $19) 23... Rd1+ 24. Rxd1 Qxd1+ 25. Qe1 ({White should try} 25. Re1 $14 Qd5 26. g3) 25... Qxe1+ $11 {The position is equal.} 26. Rxe1 {[%emt 0:00:05] KR-KR} Rd8 27. Kf1 Rd2 28. Re2 Rd1+ 29. Re1 Rd2 30. Re2 Rd1+ 31. Re1 {[%emt 0:00:07] Weighted Error Value: White=0.10 (very precise) /Black=0.05 (flawless) .  Mistake:       	White=2     	---        Inaccurate:     	---       	Black=2      OK:         	White=9     	Black=17} 1/2-1/2

[Event "Arona Festival 2024"]
[Site "Arona Tenerife"]
[Date "2024.06.24"]
[Round "4.4"]
[White "Xue, Haowen"]
[Black "Gorshtein, Ido"]
[Result "1/2-1/2"]
[ECO "A37"]
[WhiteElo "2452"]
[BlackElo "2563"]
[Annotator "TA"]
[PlyCount "56"]
[EventDate "2024.06.20"]
[EventType "swiss"]
[EventCountry "ESP"]
[SourceTitle "playchess.com"]
[Source "ChessBase"]
[SourceQuality "1"]
[TimeControl "5400+30"]

1. c4 c5 2. Nf3 Nc6 3. g3 g6 4. Bg2 Bg7 5. Nc3 d6 6. O-O e6 7. e3 Nge7 8. d4 O-O 9. Re1 h6 10. Bd2 cxd4 11. Nxd4 Nxd4 12. exd4 Kh7 13. d5 exd5 14. cxd5 ({Reject} 14. Bxd5 Nxd5 15. Nxd5 Be6 $11) 14... Bf5 15. Qb3 Ng8 16. Rac1 (16. Qxb7 Rb8 17. Qxa7 Rxb2 $15) 16... Nf6 17. Nb5 ({Much weaker is} 17. Qxb7 Nd7) 17... a6 18. Nd4 Bc8 19. Nf3 {[%emt 0:04:56] White is much more active.} Re8 20. Bc3 Rxe1+ 21. Rxe1 Nd7 22. Bxg7 Kxg7 23. Qc3+ Nf6 24. Nd2 Bf5 25. Be4 Rc8 26. Qd4 Qd7 27. Bxf5 Qxf5 28. Nc4 Qxd5 {[%emt 0:01:27] Weighted Error Value: White=0.10 (very precise) /Black=0.07 (flawless) .  Inaccurate:     	White=2     	Black=1      OK:         	White=6     	Black=8      Best:        	---       	Black=1} 1/2-1/2

[Event "Arona Festival 2024"]
[Site "Arona Tenerife"]
[Date "2024.06.24"]
[Round "4.5"]
[White "Peralta, Fernando"]
[Black "Kovchan, Alexander"]
[Result "1-0"]
[ECO "D36"]
[WhiteElo "2562"]
[BlackElo "2455"]
[Annotator "TA"]
[PlyCount "123"]
[EventDate "2024.06.20"]
[EventType "swiss"]
[EventCountry "ESP"]
[SourceTitle "playchess.com"]
[Source "ChessBase"]
[SourceQuality "1"]
[TimeControl "5400+30"]

1. d4 d5 2. c4 e6 3. Nc3 Nf6 4. cxd5 exd5 5. Bg5 c6 6. e3 h6 7. Bh4 Be7 8. Bd3 O-O 9. Nge2 Re8 10. O-O Nbd7 11. Qc2 Nh5 {[%emt 0:00:12] is now debated instead of 11...Ne4.} 12. Bxe7 {[%emt 0:00:46] D36: Queen's Gambit Declined: Exchange Variation: Main line (5 Bg5 c6 6 Qc2).} Qxe7 13. Rae1 Nf8 14. Nc1 b6 15. f3 Bb7 16. Qf2 c5 17. g4 $146 ({Predecessor:} 17. Bb5 Red8 18. Nd3 a6 19. Ba4 c4 20. Ne5 b5 21. Bc2 b4 22. Ne2 a5 23. g4 {1-0 Dreev,A (2606)-Lazavik,D (2560) Speed Chess Q1 Sw blitz 2023 (2)}) 17... Nf6 18. h4 cxd4 19. exd4 Qd6 20. N1e2 Bc6 21. a3 Ne6 22. Qh2 Qxh2+ 23. Kxh2 g6 24. Kg3 Kg7 25. Rc1 Rac8 26. Nd1 Bd7 27. Rxc8 Bxc8 28. Kf2 Bb7 29. Ne3 Rc8 30. Rg1 Ne8 31. f4 Nf8 32. g5 hxg5 33. hxg5 (33. fxg5 Ne6 $14) 33... Nd6 34. f5 gxf5 35. Ng3 (35. Nxf5+ Nxf5 36. Bxf5 Rc4 $14) (35. Bxf5 Ne6 $14) 35... Ng6 (35... Ne4+ 36. Bxe4 dxe4 37. Ngxf5+ (37. Nexf5+ Kh8 $18) 37... Kh8 38. Rh1+ Nh7 39. Nd6 $18) (35... Kg8 $16 {was called for.} 36. Ngxf5 (36. Bxf5 Rc7 $16) (36. Nexf5 Nxf5 37. Bxf5 Rc4 $16) 36... Rd8) 36. Ngxf5+ ({Stronger than} 36. Bxf5 Rh8 $11) 36... Nxf5 37. Nxf5+ Kf8 38. Nd6 $1 Rc7 39. Re1 $1 Bc6 {[%emt 0:03:44] [#]} 40. Rc1 $1 Ne7 {[%emt 0:00:54] [#]} 41. b4 (41. Bf5 $1 $18 {and White stays clearly on top.}) 41... Rd7 $16 42. Nf5 Nxf5 (42... Ba4 $16) 43. Bxf5 $18 Rd6 44. Kf3 Bd7 45. Kf4 Bxf5 46. Kxf5 Re6 47. Rc7 Re4 $2 (47... a5 {is more resistant.} 48. b5 Re4) 48. Rxa7 $18 Rxd4 49. Rb7 Rd1 50. Rxb6 d4 51. Ke4 d3 52. Ke3 d2 53. Ra6 Rg1 54. Kxd2 Rxg5 55. Ra7 Re5 56. a4 Re4 57. b5 Rb4 58. Kc3 Rb1 59. Kc2 (59. Rb7 $142 Kg8 60. a5 Kh7 61. a6 (61. Rxf7+ Kg6 $18) 61... Kg7 62. a7 Ra1 63. b6 Rc1+ 64. Kb2) 59... Rb4 $18 60. Kc3 (60. Kd3 $18 f5 61. Kc3) 60... Rb1 61. Rb7 Ra1 62. b6 1-0

[Event "Arona Festival 2024"]
[Site "Arona Tenerife"]
[Date "2024.06.24"]
[Round "4.6"]
[White "Omelja, Artem"]
[Black "Socko, Bartosz"]
[Result "1/2-1/2"]
[ECO "E18"]
[WhiteElo "2435"]
[BlackElo "2556"]
[Annotator "TA"]
[PlyCount "81"]
[EventDate "2024.06.20"]
[EventType "swiss"]
[EventCountry "ESP"]
[SourceTitle "playchess.com"]
[Source "ChessBase"]
[SourceQuality "1"]
[TimeControl "5400+30"]

1. d4 Nf6 2. c4 e6 3. Nf3 b6 4. g3 Bb7 5. Bg2 Be7 6. O-O O-O 7. Re1 Na6 8. Nc3 Ne4 9. Nxe4 (9. h4 {looks sharper.} d6 10. Ng5 Nxc3 11. Qc2) 9... Bxe4 10. Ne5 Bxg2 11. Kxg2 Bf6 12. Nf3 d5 13. Qa4 Qc8 14. cxd5 exd5 15. Bg5 Bxg5 16. Nxg5 c5 17. Qc2 {[%emt 0:03:02][%csl Gg5][%cal Rc2h7] [#]} g6 18. dxc5 bxc5 19. b3 Qc6 20. Rac1 Rac8 21. Qd2 Rfd8 22. Qf4 f6 23. Nf3 d4 24. Kg1 Nb4 {[%emt 0:00:28][%cal Ba6b4,Bb4a2,Ba2c3][%mdl 32] The position is equal.} 25. Qd2 Qa6 26. Rc4 Qxa2 27. Qxa2 Nxa2 28. Ra4 Nc3 29. Rxa7 Ra8 30. Rc7 Rdc8 31. Rxc8+ Rxc8 $11 {[%emt 0:00:07][%mdl 4096] Endgame. KRN-KRN} 32. Kf1 Rb8 33. e3 Rxb3 34. exd4 Nd5 35. Kg2 c4 36. Nd2 Rb4 {[%emt 0:00:43] [#] Hoping for ...c3.} 37. Re8+ Kf7 38. Rc8 c3 39. Ne4 Rxd4 40. Nxc3 Nxc3 41. Rxc3 {[%emt 0:00:07] Not much happened in this game.   Weighted Error Value: White=0.04 (flawless) /Black=0.06 (flawless) .  Inaccurate:     	---       	Black=1      OK:         	White=13    	Black=9      Best:        	White=2     	---} 1/2-1/2

[Event "Arona Festival 2024"]
[Site "Arona Tenerife"]
[Date "2024.06.24"]
[Round "4.7"]
[White "Sankalp Gupta"]
[Black "Admiraal, Miguoel"]
[Result "1-0"]
[ECO "B11"]
[WhiteElo "2552"]
[BlackElo "2451"]
[Annotator "TA"]
[PlyCount "53"]
[EventDate "2024.06.20"]
[EventType "swiss"]
[EventCountry "ESP"]
[SourceTitle "playchess.com"]
[Source "ChessBase"]
[SourceQuality "1"]
[TimeControl "5400+30"]

1. e4 c6 2. Nf3 d5 3. Nc3 dxe4 4. Nxe4 Nf6 5. Qe2 Na6 6. Nxf6+ gxf6 7. d4 h5 8. c3 {[%emt 0:00:42] White is slightly better.} h4 9. h3 Bf5 10. Qd1 e6 11. Bd3 {[%emt 0:00:47] Hoping for Bxf5.} Bxd3 12. Qxd3 Qd5 13. O-O Bd6 14. b4 b5 15. Bd2 Nc7 16. Rfc1 Kd7 (16... Qc4 $14 17. Qxc4 bxc4) 17. c4 $16 bxc4 18. Rxc4 Rag8 19. Rac1 Rg7 $2 {[%emt 0:00:45] [#] This move loses the game for Black.} (19... Rb8 $16 20. Rxc6 Rb6) 20. Kf1 Qb5 21. Ne1 Nd5 22. Rxc6 Rb8 (22... Qxd3+ $142 23. Nxd3 Rhg8) 23. Ra6 $18 Qb7 24. Qa3 Qb5+ 25. Kg1 Qe2 $2 {[%emt 0:07:35] [#]} (25... Ke7 26. Rxa7+ Rb7) 26. Rxd6+ $1 Kxd6 (26... Ke8 27. Qxa7) 27. b5+ {[%emt 0:00:04] Weighted Error Value: White=0.18 (very precise) /Black=0.63.  Loses game:     	---       	Black=1      Mistake:       	---       	Black=3      Inaccurate:     	White=2     	Black=4      OK:         	White=8     	Black=8      Best:        	White=1     	---        Brilliant:      	White=1     	---} 1-0

[Event "Arona Festival 2024"]
[Site "Arona Tenerife"]
[Date "2024.06.24"]
[Round "4.9"]
[White "Socko, Monika"]
[Black "Krysa, Leandro"]
[Result "1/2-1/2"]
[ECO "D02"]
[WhiteElo "2416"]
[BlackElo "2535"]
[Annotator "TA"]
[PlyCount "32"]
[EventDate "2024.06.20"]
[EventType "swiss"]
[EventCountry "ESP"]
[SourceTitle "playchess.com"]
[Source "ChessBase"]
[SourceQuality "1"]
[TimeControl "5400+30"]

1. d4 Nf6 2. Nf3 d5 3. g3 c5 4. Bg2 cxd4 5. O-O h6 6. a3 e6 7. b4 a5 8. b5 {[%emt 0:00:39][%cal Oc1b2] Black is slightly better.} a4 9. Qxd4 Nbd7 10. c4 Bc5 11. Qc3 Qe7 12. Bb2 Nb6 13. Nbd2 (13. cxd5 $14 {should be considered.} exd5 14. e3) 13... Bd7 14. Ne5 Rc8 15. Rac1 O-O 16. Nxd7 Qxd7 {[%emt 0:02:09] Weighted Error Value: White=0.10 (very precise) /Black=0.12 (very precise) .  Mistake:       	White=1     	---        Inaccurate:     	White=1     	Black=2      OK:         	White=6     	Black=4} 1/2-1/2

[Event "Arona Festival 2024"]
[Site "Arona Tenerife"]
[Date "2024.06.24"]
[Round "5.1"]
[White "Kantor, Gergely"]
[Black "Pichot, Alan"]
[Result "1/2-1/2"]
[ECO "D37"]
[WhiteElo "2528"]
[BlackElo "2640"]
[Annotator "TA"]
[PlyCount "68"]
[EventDate "2024.06.20"]
[EventType "swiss"]
[EventCountry "ESP"]
[SourceTitle "playchess.com"]
[Source "ChessBase"]
[SourceQuality "1"]
[TimeControl "5400+30"]

1. d4 Nf6 2. c4 e6 3. Nf3 d5 4. Nc3 h6 5. Bf4 Bd6 6. Bxd6 Qxd6 7. e3 O-O 8. Rc1 a6 9. a3 Nbd7 10. cxd5 exd5 11. Bd3 b6 12. b4 c5 13. bxc5 bxc5 14. dxc5 Nxc5 15. Be2 Bd7 16. O-O Rfc8 17. Nd4 Rab8 18. h3 Nce4 19. Qd3 a5 20. Nxe4 Nxe4 21. Bf3 a4 22. Rxc8+ Rxc8 23. Ne2 {[%emt 0:00:33] Inhibits Rc3.} Bf5 24. Nf4 Rd8 {[%emt 0:13:25][%cal Oe4g3] [#] White must now prevent ...Ng3!} ({Much worse is} 24... Ng3 25. Qxd5 Qxd5 (25... Qxa3 $2 {too greedy.} 26. fxg3 Qxe3+ 27. Kh2 $18) 26. Nxd5 Nxf1 27. Ne7+ Kh8 28. Nxc8 $16 (28. Nxf5 $2 Rc1 $19)) 25. Qd4 Ng5 26. Bxd5 Ne6 $1 {[%emt 0:00:07] White is slightly better.} 27. Bxe6 ({Worse is} 27. Qxa4 Nxf4 28. Bf3 Nd3 $19) 27... Qxd4 28. exd4 fxe6 $14 {[%emt 0:00:07][%cal Bf7e6,Be6e5][%mdl 4128] Endgame. KRB-KRN} 29. Rd1 e5 30. Ne2 Bc2 31. Rd2 Bb3 32. f3 exd4 33. Nxd4 Rc8 34. Rd3 Rc1+ {[%emt 0:00:43] Weighted Error Value: White=0.05 (flawless) /Black=0.07 (flawless) .  Inaccurate:     	White=2     	Black=2      OK:         	White=15    	Black=10     Strong:       	---       	Black=1} 1/2-1/2

[Event "Arona Festival 2024"]
[Site "Arona Tenerife"]
[Date "2024.06.24"]
[Round "5.2"]
[White "Paichadze, Luka"]
[Black "Peralta, Fernando"]
[Result "1-0"]
[ECO "C02"]
[WhiteElo "2504"]
[BlackElo "2562"]
[Annotator "TA"]
[PlyCount "99"]
[EventDate "2024.06.20"]
[EventType "swiss"]
[EventCountry "ESP"]
[SourceTitle "playchess.com"]
[Source "ChessBase"]
[SourceQuality "1"]
[TimeControl "5400+30"]

1. e4 e6 2. d4 d5 3. e5 c5 4. c3 Nc6 5. Nf3 Bd7 6. Be2 Nge7 7. Na3 Nf5 8. Nc2 cxd4 9. cxd4 Qb6 10. O-O a5 11. Kh1 Rc8 12. Bd2 Na7 (12... Nfxd4 $2 {loses.} 13. Ncxd4 (13. Be3 Qd8 $18) 13... Be7 (13... Nxd4 $2 14. Be3 $18) 14. Qb3 $18) 13. Ne3 {[%emt 0:14:16] White has an edge.} Nxe3 (13... Nxd4 $5 14. Nxd5 exd5 $11) 14. fxe3 Be7 {[%emt 0:03:15][%cal Od7b5] Wards off Ng5} 15. a4 O-O 16. Qe1 Nc6 17. Bb5 Rc7 18. Bxc6 Rxc6 19. Bxa5 Qb3 ({Much worse is} 19... Qxb2 20. Rb1 Qa3 21. Rxb7 $14) 20. Bc3 Ra6 21. Nd2 Qc2 22. a5 Qd3 23. Nb3 Qc4 {[%emt 0:05:24] [#]} ({Black should play} 23... Bb5 $14) 24. Nc5 $1 $16 Bxc5 (24... Bb5 25. Rf2) 25. dxc5 Bb5 26. Rf4 Qd3 27. h3 h6 28. Rd1 Qh7 (28... Qe2 $16 {is a better defense.} 29. Qg1 Qh5) 29. Rd2 {[%emt 0:04:10] Black is weak on the dark squares} Rc6 30. b4 {[%emt 0:00:37] White is more active.} Rc7 31. Bd4 Bd3 32. Rdf2 Qg6 33. R2f3 Rcc8 34. Rg4 Qh7 35. Rfg3 {[%emt 0:01:00] Black must now prevent Rxg7+.} Kh8 {[%emt 0:01:19] A mistake that costs the game.} (35... g6 $16 36. Rh4 Be4) 36. Rf4 (36. Rxg7 $18 {is more deadly.} Qxg7 37. Rxg7 Kxg7 38. Qd2) 36... Bb5 (36... Kg8 $16 {was necessary.} 37. Kh2 Rcd8) 37. Kh2 Qc2 $2 (37... Rc7 {was worth a try.} 38. c6 Rfc8 39. cxb7 Rxb7) 38. Rfg4 Rg8 39. Rf3 Rc7 40. Rgf4 $36 {[%emt 0:00:11][%mdl 2048] White is really pushing.} Rf8 (40... g5 $142 41. Rf6 (41. Rxf7 g4 $18) 41... Kg7) 41. Qg3 $18 Bd3 {[%emt 0:00:27] [#]} 42. c6 $1 Qxc6 43. Bc5 Rg8 44. Rxf7 Bf5 $2 (44... Rd7 45. Bd6 Kh7) 45. R3xf5 exf5 46. e6 $1 f4 47. Qxf4 Rcc8 48. Bd4 {[%emt 0:00:47][%cal Rf4h6] White mates.} Qxe6 {[%emt 0:01:33] [#]} 49. Rf6 $3 Qxf6 (49... Rgf8 50. Rxf8+) 50. Bxf6 {[%emt 0:00:04] Weighted Error Value: White=0.16 (very precise) /Black=0.44.  Loses game:     	---       	Black=1      Missed win:     	White=1     	---        Mistake:       	---       	Black=6      Inaccurate:     	White=1     	Black=3      OK:         	White=14    	Black=11     Best:        	White=4     	Black=1      Brilliant:      	White=1     	---} 1-0

[Event "Arona Festival 2024"]
[Site "Arona Tenerife"]
[Date "2024.06.24"]
[Round "5.3"]
[White "David, Alberto"]
[Black "Sankalp Gupta"]
[Result "1/2-1/2"]
[ECO "B13"]
[WhiteElo "2502"]
[BlackElo "2552"]
[Annotator "TA"]
[PlyCount "73"]
[EventDate "2024.06.20"]
[EventType "swiss"]
[EventCountry "ESP"]
[SourceTitle "playchess.com"]
[Source "ChessBase"]
[SourceQuality "1"]
[TimeControl "5400+30"]

1. e4 c6 2. d4 d5 3. exd5 cxd5 4. Bd3 Nc6 5. c3 Nf6 6. Bf4 Bg4 7. Qb3 e5 8. dxe5 Nh5 9. Be3 Nxe5 10. Bb5+ Nc6 11. Nd2 Nf6 12. Ngf3 Bd6 13. O-O h6 14. Qa4 O-O 15. Rfe1 Qc7 16. h3 Bd7 17. Qh4 Ne7 18. Qa4 Bf5 19. Bf1 Bh7 20. Bd4 Nd7 21. Qd1 Nc6 22. Be3 a6 23. Rc1 Rad8 24. Nb3 Nce5 25. Nxe5 Nxe5 {[%emt 0:00:04] [#]} 26. Bc5 $1 Bxc5 27. Nxc5 Nc4 28. b4 a5 29. Qg4 b6 30. Nb3 axb4 (30... Rfe8 $11) 31. cxb4 $14 Qa7 32. Nd4 {[%emt 0:00:16] [#] aiming for Nc6.} Qxa2 33. Nc6 Rd6 34. Ne7+ Kh8 {[%emt 0:00:03] The position is equal.} 35. Nxd5 Nd2 36. Rc8 Rdd8 37. Rxd8 {[%emt 0:02:23] Weighted Error Value: White=0.09 (flawless) /Black=0.07 (flawless) .  Mistake:       	---       	Black=1      Inaccurate:     	White=2     	Black=2      OK:         	White=12    	Black=14     Best:        	---       	Black=3} ({Much weaker is} 37. Nxb6 Rxc8 38. Nxc8 Nxf1 $19 (38... f5 39. Qd4 $16)) 1/2-1/2

[Event "Arona Festival 2024"]
[Site "Arona Tenerife"]
[Date "2024.06.24"]
[Round "5.4"]
[White "Sosa, Tomas"]
[Black "Baenziger, Fabian"]
[Result "1/2-1/2"]
[ECO "C07"]
[WhiteElo "2535"]
[BlackElo "2410"]
[Annotator "TA"]
[PlyCount "89"]
[EventDate "2024.06.20"]
[EventType "swiss"]
[EventCountry "ESP"]
[SourceTitle "playchess.com"]
[Source "ChessBase"]
[SourceQuality "1"]
[TimeControl "5400+30"]

1. e4 e6 2. d4 d5 3. Nd2 c5 4. Ngf3 cxd4 5. Nxd4 Nf6 6. exd5 Nxd5 7. c3 Bd7 8. N2f3 Nc6 9. Nxc6 Bxc6 10. Ne5 Bd6 11. Nxc6 bxc6 12. g3 Qc7 13. Bg2 O-O 14. O-O Rab8 15. a3 Rfd8 16. Qc2 Be5 17. Bg5 Rd7 18. Rad1 c5 19. Rfe1 h6 20. Bc1 Rbd8 21. Bf3 Bf6 22. h4 c4 23. Qe4 Nb6 24. Bf4 (24. Rxd7 {simplifies} Rxd7 25. Qc6 Qxc6 26. Bxc6 Rd6 27. Bb5) 24... Qc5 25. Be3 {[%emt 0:02:47] A strong pair of Bishops.} Qc7 26. Be2 {[%emt 0:06:34] White is more active.} Na4 27. Rxd7 (27. Qxc4 $2 Qxc4 (27... Nxb2 $2 28. Qxc7 Rxc7 29. Rxd8+ Bxd8 30. Rb1 $18) 28. Rxd7 Qe4 $19) 27... Rxd7 28. Bc1 (28. Qxc4 {simplifies} Qxc4 29. Bxc4 Nxb2 30. Be2) 28... Nb6 (28... Qb7 $11 29. Qc2 Qa6) 29. Kg2 Be7 30. Bd1 Nd5 31. Bc2 Nf6 {[%emt 0:00:05] Dodges Qh7+} 32. Qa8+ Rd8 33. Qf3 Rd5 34. Rd1 Qb7 35. Rd4 Qc6 (35... Qc7 $11) 36. Be3 a5 37. g4 {[%emt 0:07:56] Threatens to win with g5.} Qb5 {[%emt 0:00:52] [#]} (37... Rc5 $14) 38. g5 $1 $16 hxg5 39. hxg5 Nd7 {[%emt 0:03:39] [#]} ({Avoid the trap} 39... Rxd4 $2 40. gxf6 (40. cxd4 Nd5 $11) 40... Rd7 41. a4 $18 (41. fxe7 Rxe7 42. Qa8+ Re8 $16)) (39... Rxg5+ $16 40. Bxg5 Qxg5+ 41. Kf1 Nd5 (41... Qc1+ $2 42. Qd1 $18)) 40. Rxd5 $2 (40. a4 $1 $18 Qc6 (40... Qxb2 $2 {too greedy.} 41. Bh7+ Kf8 42. Rxd5 $18) 41. Be4) 40... Qxd5 (40... exd5 $11 {keeps the balance.} 41. Qh5 Nf8) 41. Qxd5 exd5 42. f4 ({Better is} 42. Ba4 $16 Ne5 43. f4) 42... Bc5 $11 {[%emt 0:02:32] The position is equal.} 43. Kf2 {[%emt 0:01:08] Black must now prevent Ba4.} Kf8 44. Bf5 Ke7 45. Ke2 {[%emt 0:02:03] Weighted Error Value: White=0.19 (very precise) /Black=0.20 (precise) .  Loses game:     	---       	Black=1      Missed win:     	White=1     	---        Mistake:       	White=1     	Black=4      Inaccurate:     	White=5     	Black=3      OK:         	White=13    	Black=11     Best:        	---       	Black=1      Strong:       	White=1     	---} 1/2-1/2